 Dungeon Crawl Stone Soup version 0.17.1-3-g152610e (webtiles) character file.

474 Gargoyl the Covered (level 6, -6/49 HPs)
             Began as a Demonspawn Abyssal Knight on Mar 18, 2016.
             Was a Believer of Lugonu.
             Mangled by LonesomeOreo's ghost (8 damage)
             ... on level 4 of the Dungeon.
             The game lasted 00:10:30 (4728 turns).

Gargoyl the Covered (Demonspawn Abyssal Knight)     Turns: 4728, Time: 00:10:30

Health: -6/49      AC: 16    Str: 14    XL:     6   Next: 84%
Magic:  9/9        EV:  4    Int: 14    God:    Lugonu [**....]
Gold:   163        SH:  7    Dex: 12    Spells: 0 memorised, 5 levels left

rFire  . . .     SeeInvis .     p - +0 war axe
rCold  . . .     Clarity  .     e - +0 plate armour (curse)
rNeg   + . .     SustAt   .     u - +0 shield
rPois  .         Gourm    .     (no helmet)
rElec  .         Spirit   .     d - +0 cloak
rCorr  .         Warding  +     (no gloves)
rMut   .         Stasis   .     (no boots)
MR     .....                    n - amulet of warding
Stlth  ..........               (no ring)
                                w - +4 ring of evasion

@: not resistant to hostile enchantments, extremely unstealthy
A: molten scales 2, rot immunity
a: Depart the Abyss, Bend Space, Renounce Religion


You were on level 4 of the Dungeon.
You worshipped Lugonu.
Lugonu was pleased with you.
You were hungry.

You visited 1 branch of the dungeon, and saw 4 of its levels.
You visited the Abyss 1 time.

You collected 163 gold pieces.

Inventory:

Hand Weapons
 h - a +0 war axe
 p - a +0 war axe (weapon)
Armour
 d - a +0 cloak (worn)
 e - a cursed +0 plate armour (worn)
 u - a +0 shield (worn)
Jewellery
 b - an uncursed ring of ice
 n - an amulet of warding (around neck)
 s - an uncursed ring of fire
 w - a +4 ring of evasion (left hand)
Wands
 x - a wand of lightning (0)
Scrolls
 f - 3 scrolls of remove curse {unknown}
 g - 6 scrolls of identify
 k - a scroll of recharging {unknown}
 l - a scroll of fear {unknown}
 o - a scroll of immolation {unknown}
 r - a scroll of teleportation {unknown}
 t - a scroll of magic mapping {unknown}
Potions
 c - a potion of brilliance
 j - a potion of cancellation
 v - a potion of poison
Comestibles
 q - 2 beef jerkies


   Skills:
 + Level 4.3 Fighting
 + Level 3.1 Axes
 * Level 4.5 Armour
 + Level 1.3 Dodging
 + Level 1.0 Shields
 + Level 4.2 Invocations


You had 5 spell levels left.
You didn't know any spells.

Dungeon Overview and Level Annotations

Branches:
Dungeon (4/15)
 Temple: D:4-7

Altars:
Dithmenos
Kikubaaqudgha
Sif Muna

Annotations:
D:4 LonesomeOreo's ghost, novice GrFi


Innate Abilities, Weirdness & Mutations

You are mostly covered in molten scales (AC +3, EV -1).
You are immune to rotting.


Message History

You block LonesomeOreo's ghost's attack.
LonesomeOreo's ghost hits you but does no damage.
Your shield and plate armour prevent you from hitting LonesomeOreo's ghost.
LonesomeOreo's ghost is severely damaged.
LonesomeOreo's ghost hits you.
* * * LOW HITPOINT WARNING * * *
Your plate armour prevents you from hitting LonesomeOreo's ghost.
LonesomeOreo's ghost is severely damaged.
LonesomeOreo's ghost hits you!
* * * LOW HITPOINT WARNING * * *
You block LonesomeOreo's ghost's attack.
Your plate armour prevents you from hitting LonesomeOreo's ghost.
LonesomeOreo's ghost is severely damaged.
LonesomeOreo's ghost barely misses you.
Okay, then.
You hit LonesomeOreo's ghost but do no damage.
LonesomeOreo's ghost is severely damaged.
You block LonesomeOreo's ghost's attack.
LonesomeOreo's ghost hits you!
You die...

#. #........... #.###.
#..#........... #.# ##
######.#.......!... #.#
######..................
#.#### ........#
#............ #.....
........# #............
######
........####....o.......
# ..........##.###W# #
######....# ..##@# #
....##....#
#.##.######### #
##<###....#
#.##.......... #.#
#....###..#..........
#.#
#....................
#.# #.#.#####.#.#.######
##'###.#.# #...#.#
#...##.#+######..#.#
#...##..........>..#


You could see LonesomeOreo's ghost and an orc.

Vanquished Creatures
  Sigmund (D:2)
  A phantom (D:4)
  A giant frog skeleton (D:4)
  Crazy Yiuf (D:2)
  A hound (D:4)
  Terence (D:2)
  A worker ant (D:4)
  2 adders
  3 worms
  3 giant geckos
  2 orcs (D:4)
  8 bats
  4 giant cockroaches
  7 goblins
  6 hobgoblins
  7 jackals
  A quokka (D:2)
  A giant newt (D:3)
  8 kobolds
  4 rats
63 creatures vanquished.

Notes
Turn   | Place    | Note
--------------------------------------------------------------
     0 | Abyss:1  | Gargoyl the Demonspawn Abyssal Knight began the quest for the Orb.
     0 | Abyss:1  | Reached XP level 1. HP: 18/18 MP: 2/2
    60 | Abyss:1  | Found a corrupted altar of Lugonu.
    71 | Abyss:1  | Found a sparkling altar of Nemelex Xobeh.
    89 | Abyss:1  | Noticed a thrashing horror
    98 | Abyss:1  | Found a corrupted altar of Lugonu.
   111 | D:1      | Escaped the Abyss
   591 | D:1      | Reached * piety under Lugonu
   591 | D:1      | Gained mutation: You are partially covered in molten scales (AC +1). [demonic ancestry]
   591 | D:1      | Reached XP level 2. HP: 14/24 MP: 4/4
  1338 | D:2      | Noticed Terence
  1367 | D:2      | Killed Terence
  1367 | D:2      | Reached skill level 1 in Dodging
  1367 | D:2      | Gained mutation: You are mostly covered in molten scales (AC +3, EV -1). [demonic ancestry]
  1367 | D:2      | Reached XP level 3. HP: 19/29 MP: 5/5
  1638 | D:2      | Noticed Sigmund
  1701 | D:2      | Killed Sigmund
  1701 | D:2      | Reached skill level 4 in Invocations
  1701 | D:2      | Gained mutation: You are immune to rotting. [demonic ancestry]
  1701 | D:2      | Reached XP level 4. HP: 18/37 MP: 5/7
  1701 | D:2      | Reached XP level 5. HP: 20/42 MP: 5/8
  2262 | D:2      | Found a deep blue altar of Sif Muna.
  2653 | D:2      | Noticed Crazy Yiuf
  2668 | D:2      | Killed Crazy Yiuf
  3034 | D:3      | Reached XP level 6. HP: 45/48 MP: 9/9
  3111 | D:3      | Found a shadowy altar of Dithmenos.
  3293 | D:3      | Reached ** piety under Lugonu
  4075 | D:4      | Found an ancient bone altar of Kikubaaqudgha.
  4613 | D:4      | Reached skill level 1 in Shields
  4694 | D:4      | Noticed LonesomeOreo's ghost (novice GrFi)
  4726 | D:4      | HP: 2/49 [LonesomeOreo's ghost (11)]
  4728 | D:4      | Mangled by LonesomeOreo's ghost

Action                   |  1- 3 |  4- 6 || total
-------------------------+-------+-------++-------
Melee: Hand axe          |   137 |   225 ||   362
       War axe           |       |    75 ||    75
Invok: Depart the Abyss  |     1 |       ||     1
Evoke: Wand              |       |     4 ||     4
  Use: Potion            |     2 |     6 ||     8
       Scroll            |       |     2 ||     2
  Eat: Chunk             |     1 |     7 ||     8
       Bread ration      |     1 |       ||     1
